 Dungeon Crawl Stone Soup version 0.28.0 (webtiles) character file.

Game seed: 14650826654624009259

3759 GrayStillPlays the Skirmisher (level 9, -5/79 HPs)
             Began as a White Draconian Fighter on Feb 9, 2022.
             Was an Initiate of Gozag.
             Killed from afar by a steam dragon (19 damage)
             ... with a ball of steam
             ... on level 8 of the Dungeon.
             The game lasted 00:18:33 (9612 turns).

GrayStillPlays the Skirmisher (DrFi)                Turns: 9612, Time: 00:18:34

Health: -5/79      AC: 10    Str: 23    XL:     9   Next: 94%
Magic:  0/16       EV: 14    Int: 12    God:    Gozag
Gold:   641        SH:  0    Dex: 12    Spells: 7/18 levels left

rFire   x . .      SeeInvis .   M - +9 quarterstaff of Wyrd {pain, rElec rF- Str+5, staff}
rCold   + . .      Faith    .   (shield currently unavailable)
rNeg    . . .      Spirit   +   (armour unavailable)
rPois   .          Reflect  .   (helmet restricted)
rElec   +          Harm     .   r - +0 cloak
rCorr   .          Rampage  .   n - +0 pair of gloves
Will    +....                   j - +0 pair of boots
Stlth   +.........              F - amulet of guardian spirit
HPRegen 0.23/turn               L - ring of willpower
MPRegen 0.15/turn               (no ring)

@: no status effects
A: breathe frost, AC +7, unfitting armour, cold resistance 1, cold-blooded
a: Breathe Frost, Renounce Religion, Potion Petition, Call Merchant, Bribe
Branch


You were on level 8 of the Dungeon.
You worshipped Gozag.
Gozag was pleased with you.
You visited 2 branches of the dungeon, and saw 9 of its levels.

You collected 702 gold pieces.
You paid 61 gold pieces to Gozag.


Innate Abilities, Weirdness & Mutations

You can breathe waves of freezing cold which knock back foes.
Your icy white scales are hard. (AC +7)
You cannot fit into any form of body armour.
Your flesh is cold resistant. (rC+)
You are cold-blooded and may be slowed by cold attacks.


   Skills:
 + Level 7.1 Fighting
 - Level 4.8 Axes
 - Level 2.0 Staves
 + Level 6.0 Dodging
 + Level 6.5 Shields
 + Level 5.2 Spellcasting
 + Level 3.3 Necromancy
 + Level 3.9 Transmutations
 + Level 3.1 Earth Magic


You had 7 spell levels left.
You knew the following spells:

 Your Spells              Type           Power      Damage    Failure   Level
a - Blade Hands           Tmut           6%         N/A       73%         5
b - Statue Form           Tmut/Erth      7%         N/A       100%        6

Your spell library contained the following spells:

 Spells                   Type           Power      Damage    Failure   Level
 Wereblood                Tmut           12%        N/A       6%          2
 Sublimation of Blood     Necr           11%        N/A       8%          2
 Petrify                  Tmut/Erth      11%        N/A       41%         4
 Gell's Gravitas          Tloc           3%         N/A       52%         3
 Lesser Beckoning         Tloc           3%         N/A       52%         3
 Teleport Other           Tloc           3%         N/A       52%         3
 Passage of Golubria      Tloc           3%         N/A       89%         4
 Metabolic Englaciation   Hex/Ice        1%         N/A       99%         5
 Silence                  Hex/Air        1%         N/A       99%         5
 Iron Shot                Conj/Erth      3%         9d2       100%        6
 Summon Hydra             Summ           1%         N/A       100%        7
 Lehudib's Crystal Spear  Conj/Erth      3%         10d2      100%        8
 Animate Armour           Summ/Erth      Unusable   N/A       N/A         4

Inventory:

Hand Weapons
 a - a +0 war axe {axe}
 f - a +2 hunting sling of freezing {sling}
   (You found it on level 1 of the Dungeon)
 m - a +1 vorpal hunting sling {sling}
   (You took it off a goblin on level 2 of the Dungeon)
 B - a +0 dagger of venom {short}
   (You took it off an orc on level 4 of the Dungeon)
 H - a +0 hand axe of freezing {axe}
   (You took it off an orc priest on level 5 of the Dungeon)
 K - a +0 hunting sling of freezing {sling}
   (You found it on level 6 of the Dungeon)
 M - the +9 quarterstaff of Wyrd (weapon) {pain, rElec rF- Str+5, staff}
   (You found it on level 6 of the Dungeon)

   In the hands of one skilled in necromantic magic, it inflicts extra damage on
   living creatures.
   Str:       It affects your strength (+5).
   rF:        It makes you vulnerable to fire.
   rElec:     It insulates you from electricity.
Missiles
 e - 153 stones {throwing}
 i - 59 bolts
 l - 156 arrows
 y - 5 poisoned darts (quivered) {throwing}
 A - 4 datura-tipped darts {throwing}
 S - 20 sling bullets
Armour
 b - a +0 buckler
 j - a +0 pair of boots (worn)
   (You found it on level 1 of the Dungeon)
 n - a +0 pair of gloves (worn)
   (You found it on level 4 of the Dungeon)
 r - a +0 cloak (worn)
   (You found it on level 2 of the Dungeon)
Jewellery
 c - a ring of fire
   (You found it on level 4 of the Dungeon)
 F - an amulet of guardian spirit (around neck)
   (You found it on level 4 of the Dungeon)
 L - a ring of willpower (left hand)
   (You found it on level 6 of the Dungeon)
 Q - an amulet of faith {!P}
   (You found it on level 7 of the Dungeon)
 R - an amulet of the acrobat
   (You took it off an orc wizard on level 7 of the Dungeon)
Wands
 w - a wand of flame (49)
   (You found it on level 3 of the Dungeon)
 E - a wand of digging (7)
   (You found it on level 4 of the Dungeon)
 N - a wand of acid (9)
   (You found it on level 6 of the Dungeon)
Scrolls
 d - a scroll of blinking {unknown}
 g - 3 scrolls of teleportation {unknown}
 h - 9 scrolls of identify {unknown}
 o - a scroll of enchant armour {unknown}
 p - 2 scrolls of fog {unknown}
 q - 3 scrolls of amnesia {unknown}
 u - a scroll of brand weapon {unknown}
 z - 3 scrolls of enchant weapon {unknown}
 D - a scroll of immolation {unknown}
 J - 2 scrolls of magic mapping {unknown}
 O - a scroll of vulnerability {unknown}
 P - a scroll of noise {unknown}
Potions
 k - 2 potions of flight {unknown}
 s - a potion of magic {unknown}
 t - 2 potions of attraction {unknown}
 v - a potion of lignification {unknown}
 x - 3 potions of might
 C - a potion of heal wounds {unknown}
 G - a potion of ambrosia {unknown}
 I - a potion of cancellation {unknown}

Dungeon Overview and Level Annotations

Branches:
Dungeon (8/15)             Temple (1/1) D:4
   Lair: D:8-11

Altars:
Cheibriados
Dithmenos
Elyvilon
Fedhas
Gozag
Hepliaklqana
Kikubaaqudgha
Makhleb
Nemelex Xobeh
Okawaru
Qazlal
Ru
Sif Muna
Trog
Uskayaw
Vehumet
Wu Jian
Xom
Yredelemnul
Zin
The Shining One

Shops:
D:1

= .................
....................#
.........)..........#
....................#
....................#
....................#
.................D..#
................ยง...###
#######'########@.....#
........$......#......#
.........(.....#.?....#
..........Y....#.Y....#
...........(...#Y.....#
y...........FY.F......#
....#...###+####......#
....#...# ######...
..$.... ....


You could see 2 death yaks, a steam dragon (catching breath) and a bullfrog.


Message History

You take 5 damage, and now have 74/79 hp.
You lost 2 mp, and now have 14/16 mp.
You thump the death yak!
The death yak writhes in agony.
You tail-slap the death yak. The death yak gores you.
A death yak comes into view.
The death yak completely misses you. ๐Ÿ˜• HP[-3] MP[-1]
You take 3 damage, and now have 71/79 hp.
You lost 1 mp, and now have 13/16 mp.
The death yak bellows! x2
You sock the death yak!
The death yak writhes in agony.
You tail-slap the death yak, but do no damage.
The death yak misses you.
The death yak gores you but does no damage. ๐Ÿ˜• HP[+1] ๐Ÿ˜• MP[+1]
There is an open door here.
You open the door. ๐Ÿ˜• HP[+1]
There is an open door here.
There's a creature in the doorway!
You hit the death yak but do no damage.
The death yak writhes in agony.
The death yak gores you! ๐Ÿ˜• HP[-12] MP[-3]
You take 12 damage, and now have 61/79 hp.
You lost 3 mp, and now have 11/16 mp.
You hit the death yak.
The death yak writhes in agony.
You tail-slap the death yak, but do no damage.
The death yak gores you. ๐Ÿ˜ฎ HP[-4]
You take 4 damage, and now have 57/79 hp.
You barely miss the death yak. You hit the death yak but do no damage.
The death yak writhes in agony.
You tail-slap the death yak, but do no damage.
The death yak misses you.
The death yak gores you. x2 ๐Ÿ˜ฎ HP[-7] MP[-1]
You take 7 damage, and now have 50/79 hp.
You lost 1 mp, and now have 10/16 mp. ๐Ÿ˜ฎ HP[+1]
You hit the death yak.
The death yak writhes in agony.
The death yak gores you. The death yak closely misses you.
The death yak closely misses you. ๐Ÿ˜ฎ HP[-4] MP[+1]
You take 4 damage, and now have 47/79 hp.
You barely miss the death yak.
The death yak gores you but does no damage. ๐Ÿ˜ฎ HP[+1]
The death yak gores you!!
* * * LOW HITPOINT WARNING * * *
The death yak gores you but does no damage. ๐Ÿ˜จ HP[-18] MP[-4]
You take 18 damage, and now have 30/79 hp.
MASSIVE DAMAGE!! (PAUSE)
You lost 4 mp, and now have 7/16 mp.
The death yak gores you.
* * * LOW HITPOINT WARNING * * *
๐Ÿ˜จ HP[-5] MP[-1]
You take 5 damage, and now have 25/79 hp.
You lost 1 mp, and now have 6/16 mp. ๐Ÿ˜จ HP[+1] MP[+1]
The death yak gores you.
* * * LOW HITPOINT WARNING * * *
๐Ÿ˜จ HP[-3] MP[-1]
You take 3 damage, and now have 23/79 hp.
You lost 1 mp, and now have 6/16 mp.
The death yak gores you!!
* * * LOW HITPOINT WARNING * * *
๐Ÿ˜ฑ HP[-18] MP[-5]
You take 18 damage, and now have 5/79 hp.
MASSIVE DAMAGE!! (PAUSE)
You lost 5 mp, and now have 1/16 mp. ๐Ÿ˜ฑ HP[+1] ๐Ÿ˜ฑ MP[+1] ๐Ÿ˜ฑ HP[+1]
The death yak snorts and paws the ground. ๐Ÿ˜ฑ HP[+1] MP[+1] ๐Ÿ˜ฑ HP[+1] ๐Ÿ˜ฑ MP[+1] ๐Ÿ˜ฑ HP[+1]
A killer bee comes into view.
There is an open door here. ๐Ÿ˜ฑ HP[+1]
Items here: $ ( )). ๐Ÿ˜ฑ MP[+1]
You see here a poisoned dart {throwing}.
A bullfrog comes into view.
You see here a poisoned dart {throwing}.
Things that are here:
a poisoned dart {throwing}; 2 datura-tipped darts {throwing} ๐Ÿ˜ฑ HP[+1]
The death yak snorts and paws the ground. ๐Ÿ˜ฑ MP[+1]
There is an open door here. ๐Ÿ˜ฑ HP[+1]
A steam dragon comes into view.
The steam dragon hisses angrily.
The steam dragon breathes steam at you. The ball of steam hits you!!
The steam scalds you terribly!
You die...
Your body crumbles into a pile of gold.

Skill      XL: |  1  2  3  4  5  6  7  8  9 |
---------------+----------------------------+-----
Dodging        | 3 4 5 6 |  6.0
Spellcasting   | 1 2 3 4 5 |  5.2
Fighting       | 4 5 6 7 |  7.1
Axes           | 3 4 |  4.8
Shields        | 4 5 6 |  6.5
Transmutations | 2 3 |  3.9
Staves         | 2 |  2.0
Necromancy     | 1 3 |  3.3
Earth Magic    | 1 3 |  3.1

Action                   |  1- 3 |  4- 6 |  7- 9 || total
-------------------------+-------+-------+-------++-------
Melee: War axe           |   105 |   153 |   104 ||   362
       Tailslap          |    12 |    21 |    31 ||    64
       Quarterstaff      |       |       |   146 ||   146
Throw: Dart              |       |     2 |    16 ||    18
       Stone             |       |       |     7 ||     7
 Abil: Breathe Frost     |       |       |     8 ||     8
Evoke: Wand              |       |     2 |     2 ||     4
  Use: Potion            |       |     1 |       ||     1
 Stab: Sleeping          |     1 |     2 |       ||     3
Armor: Skin              |    37 |    72 |    73 ||   182
Dodge: Dodged            |    66 |    82 |   181 ||   329
Block: Buckler           |    24 |    35 |    22 ||    81

Levels and vault maps discovered:
D:1:      eino_arrival_water_cross, layout_loops_cross, serial_shops, shop
D:2:      layout_loops_corners, shapermc_ecumenical_altar_mp_vishouse,
          uniq_terence
D:3:      layout_loops_corners, nicolae_qazlal_eye_of_the_storm,
          minmay_pentomino_pile
D:4:      layout_loops_cross, minmay_temple_entry_trees, serial_park_tiny_1,
          minmay_misc_feat_x
D:5:      layout_basic, elyvilon_altar_5, mainiacjoe_overflow_cross_hatched
D:6:      layout_loops_ring
D:7:      layout_cave_pods, hangedman_abyss_or_decor_stagger, bh_walls_and_bars
D:8:      layout_gridville, dpeg_lair_monsters, grunt_ministairs_9,
          roderic_serpentine_path, uniq_grum, uniq_erica, uniq_harold
Temple:   dpeg_five_rooms_temple

Notes
Turn   | Place    | Note
-------+----------+-------------------------------------------
     0 | D:1      | GrayStillPlays the Draconian Fighter began the quest for
                  | the Orb.
     0 | D:1      | Reached XP level 1. HP: 19/19 MP: 1/1
     0 | D:1      | magus.rc [v1.9.6]
   393 | D:1      | Reached XP level 2. HP: 26/26 MP: 2/2
   483 | D:1      | Found Sonitusm's Jewellery Shop.
   936 | D:2      | Reached XP level 3. HP: 28/31 MP: 4/4
   999 | D:2      | Reached skill level 3 in Dodging
   999 | D:2      | Reached skill level 1 in Spellcasting
  1764 | D:2      | Noticed Terence
  1775 | D:2      | HP: 6/33 [Terence (3)]
  1777 | D:2      | Killed Terence
  1778 | D:2      | Reached XP level 4. HP: 6/40 MP: 5/5
  2144 | D:2      | Found a faded altar of an unknown god.
  2215 | D:2      | You pick up a book of Displacement and begin reading...
  2215 | D:2      | You add the spells Lesser Beckoning, Gell's Gravitas and
                  | Teleport Other to your library.
  2568 | D:3      | Found a stormy altar of Qazlal.
  2679 | D:3      | Noticed a phantom
  2696 | D:3      | Killed a phantom
  2697 | D:3      | Reached skill level 4 in Fighting
  2697 | D:3      | Reached skill level 3 in Axes
  2697 | D:3      | Reached XP level 5. HP: 33/46 MP: 7/7
  3407 | D:4      | Found a staircase to the Ecumenical Temple.
  3433 | D:4      | Noticed an ogre
  3755 | Temple   | Entered the Ecumenical Temple
  4074 | D:4      | Noticed a phantom
  4179 | D:4      | Noticed a black bear
  4188 | D:4      | Killed a black bear
  4189 | D:4      | Reached skill level 4 in Shields
  4189 | D:4      | Reached skill level 2 in Spellcasting
  4189 | D:4      | Reached XP level 6. HP: 37/53 MP: 7/9
  4327 | D:4      | HP: 9/53 [phantom (7)]
  4329 | D:4      | HP: 4/53 [phantom (5)]
  4915 | D:4      | You pick up a book of Iron and begin reading...
  4915 | D:4      | You add the spells Blade Hands and Iron Shot to your
                  | library.
  4955 | D:4      | Reached skill level 4 in Dodging
  4955 | D:4      | Your scales start taking on an icy white colour.
  4955 | D:4      | Reached XP level 7. HP: 51/60 MP: 9/11
  4955 | D:4      | Gained mutation: Your flesh is cold resistant. (rC+) [White
                  | Draconian growth]
  4969 | D:4      | Reached skill level 5 in Fighting
  4969 | D:4      | Reached skill level 4 in Axes
  5280 | D:4      | Reached skill level 3 in Spellcasting
  5411 | D:5      | Entered Level 5 of the Dungeon
  5525 | D:5      | Found a white marble altar of Elyvilon.
  5966 | D:5      | Reached skill level 5 in Shields
  6076 | D:5      | Reached XP level 8. HP: 46/69 MP: 11/13
  6082 | D:5      | Learned a level 5 spell: Blade Hands
  6231 | D:5      | Found an opulent altar of Gozag.
  6242 | D:5      | Became a worshipper of Gozag Ym Sagoz the Greedy
  6692 | D:6      | Reached skill level 1 in Transmutations
  6776 | D:6      | Identified the +9 quarterstaff of Wyrd {pain, rElec rF-
                  | Str+5}
  6801 | D:6      | Reached skill level 1 in Staves
  6803 | D:6      | Reached skill level 5 in Dodging
  6926 | D:6      | Reached skill level 6 in Fighting
  6926 | D:6      | Reached skill level 4 in Spellcasting
  7448 | D:7      | Reached skill level 2 in Staves
  7458 | D:7      | You pick up a book of Sloth and begin reading...
  7458 | D:7      | You add the spells Petrify, Metabolic Englaciation and
                  | Statue Form to your library.
  7466 | D:7      | Learned a level 6 spell: Statue Form
  7489 | D:7      | Reached skill level 2 in Transmutations
  7763 | D:7      | Reached skill level 1 in Necromancy
  7763 | D:7      | Reached skill level 1 in Earth Magic
  8063 | D:7      | You pick up a book of the Moon and begin reading...
  8063 | D:7      | You add the spells Passage of Golubria, Silence and
                  | Lehudib's Crystal Spear to your library.
  8105 | D:7      | Reached XP level 9. HP: 75/75 MP: 15/15
  8936 | D:7      | Reached skill level 6 in Shields
  8936 | D:7      | Reached skill level 2 in Necromancy
  8936 | D:7      | Reached skill level 3 in Transmutations
  8936 | D:7      | Reached skill level 2 in Earth Magic
  9214 | D:8      | You pick up a book of Blood and begin reading...
  9214 | D:8      | You add the spells Sublimation of Blood, Wereblood and
                  | Summon Hydra to your library.
  9277 | D:8      | Noticed Grum
  9290 | D:8      | Killed Grum
  9399 | D:8      | Reached skill level 5 in Spellcasting
  9456 | D:8      | Noticed a two-headed ogre
  9469 | D:8      | Killed a two-headed ogre
  9470 | D:8      | Reached skill level 7 in Fighting
  9470 | D:8      | Reached skill level 6 in Dodging
  9470 | D:8      | Reached skill level 3 in Necromancy
  9470 | D:8      | Reached skill level 3 in Earth Magic
  9470 | D:8      | Noticed a death yak
  9525 | D:8      | Noticed a death yak
  9549 | D:8      | Noticed a death yak
  9576 | D:8      | HP: 5/79 [death yak (18)]
  9612 | D:8      | Killed from afar by a steam dragon

Vanquished Creatures
  A two-headed ogre (D:8)
  A hornet (D:7)
  A wyvern (D:7)
  Grum (D:8)
  A water moccasin (D:7)
  2 black bears (D:4)
  A necrophage (D:4)
  2 ice beasts
  2 ogres
  2 wolves (D:8)
  2 centaurs
  4 phantoms
  A kobold brigand (D:8)
  4 bullfrogs
  A wyvern zombie (D:7)
  3 scorpions
  7 wights
  A bullfrog zombie (D:6)
  4 hounds
  A jelly (D:5)
  An orc priest (D:5)
  2 iguanas (D:6)
  Terence (D:2)
  An orc wizard (D:7)
  A hound skeleton (D:4)
  A howler monkey skeleton (D:7)
  A howler monkey zombie (D:6)
  3 adders
  3 white imps
  An ufetubus (D:6)
  2 worms
  5 dart slugs
  13 orcs
  4 endoplasms
  4 giant cockroaches
  12 goblins
  3 hobgoblins
  7 jackals
  6 ball pythons
  4 bats
  5 frilled lizards
  14 kobolds
  A quokka skeleton (D:3)
  7 rats
144 creatures vanquished.

Table legend:
 A = Non-vault XP
 B = Vault XP
 C = Vault XP percentage of total XP
 D = Non-vault monster count
 E = Vault monster count
 F = Vault count percentage of total count
                 A         B        C        D         E       F
            +---------+---------+-------+---------+---------+-------
      Total |    4584 |     787 |  14.7 |     132 |      12 |   8.3
            +---------+---------+-------+---------+---------+-------
        D:1 |      39 |       0 |   0.0 |      20 |       0 |   0.0
        D:2 |      37 |      36 |  49.3 |      20 |       1 |   4.8
        D:3 |     137 |      22 |  13.8 |      19 |       6 |  24.0
        D:4 |     725 |       0 |   0.0 |      17 |       0 |   0.0
        D:5 |     553 |       0 |   0.0 |      12 |       0 |   0.0
        D:6 |     609 |       0 |   0.0 |      14 |       0 |   0.0
        D:7 |    1256 |     214 |  14.6 |      18 |       1 |   5.3
        D:8 |    1228 |     515 |  29.5 |      12 |       4 |  25.0
            +---------+---------+-------+---------+---------+-------

Illustrated notes

Table legend:
 A = Kills in this place as a percentage of kills in entire the game.
 B = Kills by you in this place as a percentage of kills by you in the entire game.
 C = Kills by friends in this place as a percentage of kills by friends in the entire game.
 D = Other kills in this place as a percentage of other kills in the entire game.
 E = Experience gained in this place as a percentage of experience gained in the entire game.
 F = Experience gained in this place divided by the number of levels of this place that you have seen.
                   A       B       C       D       E      F
               +-------+-------+-------+-------+-------+----------------------
         Total | 100.0 | 100.0 |   N/A |   N/A | 100.0 | 596.8
       Dungeon | 100.0 | 100.0 |   N/A |   N/A | 100.0 | 671.4
               +-------+-------+-------+-------+-------+----------------------

Table legend: (Time is in decaauts)
 A = Elapsed time spent in this place.
 B = Non-inter-level travel time spent in this place.
 C = Inter-level travel time spent in this place.
 D = Time resting spent in this place.
 E = Time spent auto-exploring this place.
 F = Levels seen in this place.
 G = Mean time per level.
                   A        B        C        D        E       F      G
               +--------+--------+--------+--------+--------+-----+--------+
         Total |   9790 |   9470 |    320 |   1034 |   6813 |   9 | 1087.8 |
       Dungeon |   9486 |   9226 |    260 |   1034 |   6582 |   8 | 1185.8 |
        Temple |    303 |    243 |     60 |      0 |    231 |   1 |  303.0 |
               +--------+--------+--------+--------+--------+-----+--------+

Top non-repeatable levels by time:
     D:4: 1814 daAuts
     D:7: 1675 daAuts
     D:2: 1395 daAuts
     D:5: 1155 daAuts
     D:3: 1092 daAuts
     D:1: 920 daAuts
     D:6: 889 daAuts
     D:8: 543 daAuts
  Temple: 303 daAuts
